Map: Lock & Load

Players

monk

  • Race: Protoss Protoss
  • Spawn Location: 7:00

XxMaximusxX

  • Race: Terran Terran
  • Spawn Location: 6:00

VOD

Have the link to the VOD?

Description

Time

  • Played on: Aug. 23, 2017, 12:44 a.m.
  • Length: 13:59
Show
View Real Time Build Order
Export as new Build Order

monk Protoss 

Build Orders:  

Get SALT Encoding   

  12  0:00  Probe (Chrono Boost)  
  13  0:12  Probe (Chrono Boost)  
  14  0:24  Probe (Chrono Boost)  
  15  1:05  Nexus  
  15  1:15  Probe (Chrono Boost), Pylon  
  16  1:27  Probe (Chrono Boost)  
  16  1:34  Assimilator  
  16  1:39  Probe (Chrono Boost)  
  17  1:45  Assimilator  
  18  1:51  Probe (Chrono Boost)  
  19  2:03  Probe (Chrono Boost)  
  20  2:15  Gateway, Probe (Chrono Boost)  
  21  2:28  Probe (Chrono Boost)  
  22  2:40  Probe (Chrono Boost)  
  22  2:43  Probe (Chrono Boost)  
  24  2:52  Probe (Chrono Boost)  
  24  2:55  Probe (Chrono Boost)  
  24  2:57  Solar Efficiency Level 1  
  26  3:04  Probe (Chrono Boost)  
  27  3:10  Probe (Chrono Boost)  
  27  3:16  Probe (Chrono Boost)  
  27  3:17  Sentinel (Chrono Boost)  
  29  3:26  Probe (Chrono Boost)  
  29  3:27  Probe (Chrono Boost)  
  33  3:40  Probe x2  
  33  3:47  Sentinel (Chrono Boost)  
  35  3:52  Probe  
  38  4:02  Probe  
  38  4:03  Protoss Ground Weapons Level 1 (Chrono Boost), Pylon  
  38  4:04  Probe (Chrono Boost)  
  40  4:16  Probe (Chrono Boost)  
  40  4:18  Probe (Chrono Boost)  
  41  4:28  Cybernetics Core  
  41  4:29  Probe (Chrono Boost)  
  42  4:30  Forge  
  42  4:31  Probe (Chrono Boost)  
  44  4:41  Probe (Chrono Boost)  
  44  4:46  Probe (Chrono Boost)  
  44  4:49  Pylon  
  46  4:52  Assimilator  
  46  4:53  Probe (Chrono Boost)  
  46  4:58  Probe (Chrono Boost)  
  47  5:05  Probe (Chrono Boost)  
  49  5:10  Probe (Chrono Boost)  
  49  5:13  Reconstruction (Chrono Boost)  
  49  5:15  Warp Gate (Chrono Boost)  
  49  5:17  Probe (Chrono Boost)  
  50  5:22  Robotics Facility  
  50  5:25  Protoss Ground Weapons Level 2 (Chrono Boost)  
  50  5:26  Twilight Council  
  51  5:30  Probe (Chrono Boost)  
  51  5:32  Probe (Chrono Boost)  
  51  5:33  Assimilator  
  53  5:44  Immortal, Probe (Chrono Boost)  
  54  5:51  Probe (Chrono Boost)  
  54  5:53  Charge (Chrono Boost), Immortal  
  53  6:05  Probe  
  54  6:19  Pylon  
  62  6:40  Gateway  
  62  6:41  Gateway  
  62  6:44  Reclamation (Chrono Boost)  
  62  7:03  Gateway  
  62  7:12  Gateway  
  62  7:14  Gateway  
  62  7:23  Immortal  
  62  7:25  Pylon  
  62  7:38  Energizer  
  68  7:42  Sentinel  
  68  8:06  Protoss Ground Weapons Level 3  
  68  8:08  Sentinel  
  70  8:13  Rapid Recharging (Chrono Boost)  
  70  8:16  Pylon  
  70  8:22  Observer  
  71  8:30  Energizer x2  
  71  8:37  Pylon  
  71  8:39  Pylon  
  75  8:49  Immortal  
  75  8:58  Sentinel  
  79  9:02  Sentinel x5  
  79  9:03  Sentinel x2  
  79  9:04  Sentinel  
  91  9:11  Sentinel  
  91  9:16  Sentinel  
  91  9:17  Gateway x2  
  89  9:38  Energizer x2  
  89  9:39  Pylon  
  91  9:42  Sentinel x3  
  91  9:43  Sentinel  
  99  9:54  Probe  
  100  10:02  Sentinel  
  100  10:08  Energizer  
  102  10:11  Probe  
  102  10:13  Pylon  
  102  10:15  Pylon  
  102  10:17  Energizer x2  
  102  10:18  Sentinel x3, Pylon  
  102  10:19  Pylon  
  113  10:30  Sentinel  
  113  10:36  Sentinel  
  113  10:38  Energizer, Sentinel  
  113  10:41  Sentinel  
  113  10:42  Sentinel  
  113  10:44  Sentinel  
  113  10:51  Sentinel, Photon Cannon  
  113  10:53  Photon Cannon  
  113  10:56  Pylon, Photon Cannon  
  113  10:58  Sentinel x4  
  121  11:01  Sentinel  
  117  11:13  Sentinel  
  109  11:25  Energizer  
  109  11:26  Energizer x3  
  109  11:28  Sentinel x4  
  119  11:40  Sentinel  
  119  11:52  Photon Cannon x2  
  119  11:58  Pylon  
  118  12:02  Sentinel  
  118  12:05  Sentinel  
  118  12:08  Sentinel  
  118  12:09  Probe  
  118  12:13  Probe  
  118  12:17  Energizer x3  
  118  12:18  Energizer  
  118  12:19  Sentinel x4  
  133  12:20  Sentinel  
  133  12:28  Sentinel  
  126  12:42  Pylon  
  126  12:44  Sentinel  
  122  12:52  Sentinel  
  122  12:55  Sentinel x6  
  122  12:56  Sentinel x2  
  122  12:57  Sentinel  
Show
View Real Time Build Order
Export as new Build Order

XxMaximusxX Terran 

Build Orders:  

Get SALT Encoding   

Tags
 
Commander
KaraxRaynor
Matchup
Co-op
Replay Pack
Co-op Speedrun
Add a new tag
Caveats
  • Supply blocks, unpowered buildings, or Contaminate may cause inaccurate times.
  • Supply counts are checked every 10 seconds.